 Dungeon Sprint DCSS version 0.20.1-1-g8b1a95d (webtiles) character file.

2425 Fang the Cleaver (level 9, -3/100 HPs)
             Began as a Gargoyle Berserker on Oct 19, 2018.
             Was the Champion of Trog.
             Slain by an eight-headed hydra (8 damage)
             ... in the Dungeon (Sprint VII: "The Pits").
             The game lasted 00:01:41 (704 turns).

Fang the Cleaver (Gargoyle Berserker)                Turns: 704, Time: 00:01:41

Health: -3/100     AC: 19    Str: 31    XL:     9   Next: 48%
Magic:  9/9        EV: 11    Int:  9    God:    Trog [******]
Gold:   0          SH:  0    Dex: 12    Spells: 8/8 levels left

rFire    . . .     SeeInvis .   u - +2 war axe (chop)
rCold    . . .     Gourm    .   (no shield)
rNeg     + . .     Faith    .   p - +3 chain mail
rPois    ∞         Spirit   .   (no helmet)
rElec    +         Reflect  .   (no cloak)
rCorr    .         Harm     .   (no gloves)
MR       .....     NoTele   +   (no boots)
Stlth    ..........             (no amulet)
Regen    0.3/turn               b - +3 ring of strength
MPRegen  0.2/turn               t - +3 ring of dexterity

@: berserking, very quick
A: negative energy resistance 1, electricity resistance, unbreathing,
petrification resistance, rot immunity, AC +5
a: Berserk, Trog's Hand, Brothers in Arms, Burn Spellbooks, Renounce Religion


You were in the Dungeon.
You worshipped Trog.
Trog was exalted by your worship.
You were near starving.

You visited 1 branch

Inventory:

Hand Weapons
 o - a +1 hand axe of freezing
 q - a +1 battleaxe of freezing
 u - a +2 war axe of chopping (weapon)
Armour
 p - a +3 chain mail (worn)
Jewellery
 b - a +3 ring of strength (left hand)
 t - a +3 ring of dexterity (right hand)
Scrolls
 i - a scroll of blinking
 k - 3 scrolls of remove curse
 l - a scroll of summoning
Potions
 a - 2 potions of invisibility
 d - 7 potions of curing
 e - 8 potions of heal wounds
 f - a potion of haste
 g - 4 potions of magic
 h - 4 potions of berserk rage
 r - a potion of might
 s - 2 potions of resistance
Comestibles
 c - 8 bread rations
 m - 40 fruits
 n - 7 meat rations


   Skills:
 + Level 12.6 Fighting
 + Level 13.4 Axes
 + Level 8.5 Armour
 + Level 4.8 Dodging
 + Level 4.6 Stealth


You had 8 spell levels left.
You didn't know any spells.

Dungeon Overview and Level Annotations

Branches:
Dungeon (1/1)

Altars:
Ashenzari
Cheibriados
Dithmenos
Elyvilon
Fedhas
Gozag
Hepliaklqana
Kikubaaqudgha
Makhleb
Nemelex Xobeh
Okawaru
Qazlal
Ru
Sif Muna
Trog
Uskayaw
Vehumet
Xom
Yredelemnul
Zin
The Shining One
Beogh
Jiyva
Lugonu


Innate Abilities, Weirdness & Mutations

You are resistant to torment.
Your stone body is resilient. (AC +5)
You are immune to poison.
You resist negative energy. (rN+)
You are resistant to electric shocks. (rElec)
You can survive without breathing.
You are immune to petrification.
You are immune to rotting.


Message History

* * * LOW HITPOINT WARNING * * *
Something bites you but does no damage.
You hit something. Trog accepts your kill.
Trog appreciates your killing of a magic user.
Reactivating autopickup.
Your Fighting skill increases to level 12!
Your Axes skill increases to level 13!
Your Armour skill gained 2 levels and is now at level 8!
You have reached level 9!
Your experience leads to an increase in your attributes!
Your base attributes are Str 22, Int 9, Dex 9.
Increase (S)trength, (I)ntelligence, or (D)exterity?
You feel stronger.
You feel a bit more experienced.
You chop one of the seven-headed hydra's heads off!
The six-headed hydra grows two more!
You hit the eight-headed hydra.
The eight-headed hydra bites you but does no damage. x3
The eight-headed hydra bites you!
You die...

....'................+
#####......#..#......#
#..##................#
'..#####'#####''######
#'###.......##''#
)).##.......##..##
...##.......##...##
#####...<...###..D##'##.
.[.##.......# ##@)......
)[.##.......# #†)###+###
#####.......##..##
#..###########..
#)############..
#)#....#..[[###.
#)#....#.![[# ##
#)†....'..))#
#'#....#.!))#


You could see an eight-headed hydra.

Vanquished Creatures
  A vampire knight (D)
  Sigmund (D)
  A wraith (D)
  2 vampire mosquitoes (D)
  3 water moccasins (D)
  A floating eye (D)
  A sky beast (D)
  An ice beast (D)
  A big kobold (D)
  2 iron imps (D)
  Terence (D)
  A gnoll shaman (D)
  A worker ant (D)
  A mummy (D)
  A leopard gecko (D)
  6 orcs (D)
  A bat (D)
  A bat skeleton (D)
  4 goblins (D)
  A hobgoblin (D)
  A frilled lizard (D)
33 creatures vanquished.

Notes
Turn   | Place    | Note
-------+----------+-------------------------------------------
     0 | D        | Fang the Gargoyle Berserker began the quest for the Orb.
     0 | D        | Reached XP level 1. HP: 14/14 MP: 1/1
    14 | D        | Reached skill level 3 in Axes
    18 | D        | Found a bloodstained altar of Trog.
    18 | D        | Found a deep blue altar of Sif Muna.
    18 | D        | Found a viscous altar of Jiyva.
    18 | D        | Found a hazy altar of Hepliaklqana.
    18 | D        | Found an opulent altar of Gozag.
    19 | D        | Found a glowing golden altar of the Shining One.
    19 | D        | Found a glowing silver altar of Zin.
    19 | D        | Found a basalt altar of Yredelemnul.
    19 | D        | Found a shimmering altar of Xom.
    19 | D        | Found a sacrificial altar of Ru.
    19 | D        | Found a stormy altar of Qazlal.
    19 | D        | Found an iron altar of Okawaru.
    19 | D        | Found a sparkling altar of Nemelex Xobeh.
    19 | D        | Found a burning altar of Makhleb.
    19 | D        | Found a blossoming altar of Fedhas.
    19 | D        | Found a white marble altar of Elyvilon.
    19 | D        | Found a shadowy altar of Dithmenos.
    19 | D        | Found a snail-covered altar of Cheibriados.
    21 | D        | Found a radiant altar of Vehumet.
    21 | D        | Found a corrupted altar of Lugonu.
    21 | D        | Found a roughly hewn altar of Beogh.
    65 | D        | Noticed a worker ant
    73 | D        | Killed a worker ant
    73 | D        | Reached ** piety under Trog
    73 | D        | Reached skill level 5 in Fighting
    73 | D        | Reached skill level 4 in Axes
    73 | D        | Reached XP level 2. HP: 19/21 MP: 2/2
    73 | D        | Reached XP level 3. HP: 24/26 MP: 3/3
   184 | D        | Noticed a floating eye
   191 | D        | Killed a floating eye
   191 | D        | Reached skill level 6 in Axes
   191 | D        | Reached skill level 1 in Stealth
   191 | D        | Reached XP level 4. HP: 27/34 MP: 4/4
   191 | D        | Reached XP level 5. HP: 30/38 MP: 5/5
   191 | D        | Reached *** piety under Trog
   356 | D        | Noticed a water moccasin
   357 | D        | Noticed an ice beast
   362 | D        | Killed a water moccasin
   362 | D        | Reached **** piety under Trog
   362 | D        | Reached skill level 8 in Axes
   362 | D        | Reached XP level 6. HP: 44/44 MP: 6/6
   367 | D        | Killed an ice beast
   369 | D        | Reached skill level 9 in Axes
   370 | D        | Reached ***** piety under Trog
   430 | D        | Noticed a water moccasin
   443 | D        | Killed a water moccasin
   443 | D        | Reached skill level 5 in Armour
   443 | D        | Reached XP level 7. HP: 50/52 MP: 7/7
   461 | D        | Noticed Terence
   461 | D        | Noticed Sigmund
   467 | D        | Received a gift from Trog
   474 | D        | Reached skill level 10 in Fighting
   474 | D        | Reached skill level 10 in Axes
   479 | D        | Killed Terence
   483 | D        | Killed Sigmund
   529 | D        | Noticed a vampire mosquito
   529 | D        | Noticed a vampire mosquito
   533 | D        | Killed a vampire mosquito
   533 | D        | Reached skill level 11 in Axes
   533 | D        | Reached XP level 8. HP: 59/59 MP: 8/8
   536 | D        | Received a gift from Trog
   653 | D        | Found a hide-covered altar of Uskayaw.
   653 | D        | Found an ancient bone altar of Kikubaaqudgha.
   653 | D        | Found a shattered altar of Ashenzari.
   678 | D        | Noticed a wraith
   687 | D        | Noticed a vampire knight
   688 | D        | Killed a wraith
   694 | D        | Reached skill level 12 in Axes
   701 | D        | Noticed a seven-headed hydra
   704 | D        | Killed a vampire knight
   704 | D        | Reached ****** piety under Trog
   704 | D        | Reached skill level 13 in Axes
   704 | D        | Reached XP level 9. HP: 5/67 MP: 9/9
   704 | D        | Slain by an eight-headed hydra

Skill      XL: |  1  2  3  4  5  6  7  8 |
---------------+-------------------------+-----
Axes           | 4 6 8 9 11 13 | 13.4
Fighting       | 5 7 8 9 10 12 | 12.6
Dodging        | 2 3 4 |  4.8
Armour         | 3 4 5 8 |  8.5
Stealth        | 1 2 3 4 |  4.6

Action                   |  1- 3 |  4- 6 |  7- 9 || total
-------------------------+-------+-------+-------++-------
Melee: Hand axe          |    18 |    37 |    29 ||    84
       War axe           |       |       |    23 ||    23
Invok: Berserk           |     1 |     1 |     3 ||     5
 Stab: Sleeping          |     1 |       |       ||     1
  Eat: Chunk             |       |       |     2 ||     2
Armor: Animal skin       |     5 |     1 |       ||     6
       Chain mail        |       |    16 |    41 ||    57
Dodge: Dodged            |    11 |     5 |    14 ||    30
